 Dungeon Crawl Stone Soup version 0.27-a0-46-g34d46f0a3f (webtiles) character file.

Game seed: 16724966386157597057

56 Borgoz the Skirmisher (level 3, -2/31 HPs)
             Began as a Ghoul Monk on Jan 6, 2021.
             Slain by a big kobold (6 damage)
             ... in a sewer.
             The game lasted 00:01:59 (1265 turns).

Borgoz the Skirmisher (Ghoul Monk)                  Turns: 1265, Time: 00:02:00

Health: -2/31      AC:  3    Str: 13 (14) XL:     3   Next: 97%
Magic:  2/2        EV: 12    Int:  3 (5)  God:
Gold:   157        SH:  0    Dex: 11 (12) Spells: 2/2 levels left

rFire    + . .     SeeInvis .   a - +0 falchion
rCold    + . .     Faith    .   (no shield)
rNeg     + + +     Spirit   .   h - +0 leather armour
rPois    ∞         Reflect  .   (no helmet)
rElec    .         Harm     .   (no cloak)
rCorr    .         Rampage  .   (no gloves)
Will     .....                  (no boots)
Stlth    ++........             (no amulet)
HPRegen  0.00/turn              c - ring of protection from fire
MPRegen  0.08/turn              (no ring)

@: brilliant
A: claws 1, cold resistance 1, negative energy resistance 3, inhibited
regeneration, torment resistance, unbreathing
a: no special abilities


You were in a sewer.
You visited 1 branch of the dungeon, and saw 4 of its levels.
You also visited: Sewer.

You collected 157 gold pieces.

Inventory:

Hand Weapons
 a - a +0 falchion (weapon)
Armour
 h - a +0 leather armour (worn)
Jewellery
 c - a ring of protection from fire (left claw)
Potions
 j - a potion of mutation
 k - a potion of curing {unknown}


   Skills:
 + Level 3.6 Fighting
 * Level 3.3 Long Blades
 + Level 1.0 Armour
 * Level 3.3 Dodging
 - Level 2.1 Stealth


You had 2 spell levels left.
You didn't know any spells.
Your spell library was empty.

Dungeon Overview and Level Annotations

Branches:
Dungeon (5/15)              Sewer (1/1)
 Temple: D:4-7

Altars:


Innate Abilities, Weirdness & Mutations

You thrive by killing the living.
You are immune to poison.
You have sharp fingernails.
Your flesh is cold resistant. (rC+)
You are immune to negative energy. (rN+++)
You do not regenerate when monsters are visible.
You are immune to unholy pain and torment.
You can survive without breathing.


Message History

You feel clever all of a sudden. The big kobold hits you.
* * * LOW HITPOINT WARNING * * *
The big kobold hits you.
* * * LOW HITPOINT WARNING * * *
It was a potion of lignification.
You feel woody for a moment.
The big kobold hits you but does no damage.
The big kobold hits you.
* * * LOW HITPOINT WARNING * * *
It was a potion of mutation.
You feel extremely strange.
Your body decomposes!
You feel dopey.
Your body decomposes!
You feel clumsy.
Your body decomposes!
You feel dopey.
Your body decomposes!
You feel weakened. The big kobold hits you.
You die...

≈≈≈≈≈.∩.≈≈≈≈≈≈≈
#...∩≈# ##≈(.##
##)## #≈# # #≈#
##≈ ##≈## ##.≈≈
##..(##
#.≈≈..#####K@≈≈.#
.≈..≈.≈≈(≈≈K≈.(.#
#...≈.#####≈.≈..#
##.≈. ##.≈≈## ###
#####


You could see 2 big kobolds.

Vanquished Creatures
  An adder (D:2)
  An ooze (Sewer)
  A dart slug (D:1)
  3 leopard geckos (D:5)
  2 ball pythons
  6 giant cockroaches
  3 goblins
  5 hobgoblins (D:1)
  4 kobolds
  3 bats (D:1)
  A frilled lizard (D:1)
  5 rats
35 creatures vanquished.

Notes
Turn   | Place    | Note
-------+----------+-------------------------------------------
     0 | D:1      | Borgoz the Ghoul Monk began the quest for the Orb.
     0 | D:1      | Reached XP level 1. HP: 19/19 MP: 0/0
   170 | D:1      | Reached XP level 2. HP: 24/26 MP: 1/1
   661 | D:2      | Reached XP level 3. HP: 31/31 MP: 2/2
   927 | D:2      | You fall into a shaft and drop 2 floors!
   991 | D:5      | Entered Level 5 of the Dungeon
  1158 | D:5      | Found a glowing drain.
  1176 | D:5      | Reached skill level 1 in Armour
  1190 | Sewer    | Entered a sewer
  1219 | Sewer    | Noticed a big kobold
  1248 | Sewer    | Noticed a big kobold
  1265 | Sewer    | Slain by a big kobold

Illustrated notes

Levels and vault maps discovered:
D:1:      dpeg_arrival_round_b, layout_rooms
D:2:      minmay_door_path, layout_basic
D:4:      layout_cave_pods, chequers_temple_overflow_statue_of_worship,
          temple_doors_e
D:5:      layout_basic, gup_sewer_entry_pipe
Sewer:    sewer_co_15_rooms

Skill      XL: |  1  2  3 |
---------------+----------+-----
Long Blades    | 3 |  3.3
Dodging        | 3 |  3.3
Armour         | 1 |  1.0
Fighting       | |  3.6
Stealth        | |  2.1

Action                   || total
-------------------------++-------
Melee: Falchion          ||   104
  Use: Scroll            ||     5
       Potion            ||     4
Armor: Robe              ||     6
       Leather armour    ||    20
Dodge: Dodged            ||    62
       Rpst.: Falchion   ||    17

Table legend: (Time is in decaauts)
 A = Elapsed time spent in this place.
 B = Non-inter-level travel time spent in this place.
 C = Inter-level travel time spent in this place.
 D = Time resting spent in this place.
 E = Time spent auto-exploring this place.
 F = Levels seen in this place.
 G = Mean time per level.
                   A        B        C        D        E       F      G
               +--------+--------+--------+--------+--------+-----+--------+
         Total |   1299 |   1281 |     18 |      0 |    932 |   5 |  259.8 |
       Dungeon |   1211 |   1193 |     18 |      0 |    925 |   4 |  302.8 |
         Sewer |     87 |     87 |      0 |      0 |      7 |   1 |   87.0 |
               +--------+--------+--------+--------+--------+-----+--------+

Top non-repeatable levels by time:
     D:1: 632 daAuts
     D:2: 300 daAuts
     D:5: 214 daAuts
   Sewer: 87 daAuts
     D:4: 64 daAuts
